 Dungeon Crawl Stone Soup version 0.24-a0-584-g9d6b971ae4 (webtiles) character file.

Game seed: 4055288773311635181, levelgen mode: deterministic

3152 Engwar the Fighter (level 9, -11/78 HPs)
             Began as a Gnoll Wanderer on Sept 4, 2019.
             Was a High Priest of Cheibriados.
             Mangled by a two-headed ogre
             ... wielding a +0 giant spiked club
              (20 damage)
             ... on level 7 of the Dungeon.
             The game lasted 00:30:20 (8848 turns).

Engwar the Fighter (Gnoll Wanderer)                 Turns: 8848, Time: 00:30:20

Health: -11/78     AC: 15    Str: 26    XL:     9   Next: 93%
Magic:  17/17      EV:  9    Int: 28    God:    Cheibriados [*****.]
Gold:   173        SH: 12    Dex: 26    Spells: 19/19 levels left

rFire    . . .     SeeInvis .   b - +1 falchion
rCold    . . .     Gourm    .   p - +0 shield
rNeg     . . .     Faith    .   s - +0 plate armour
rPois    .         Spirit   .   (no helmet)
rElec    .         Reflect  .   k - +0 cloak
rCorr    .         Harm     .   i - +1 pair of gloves
MR       .....                  (no boots)
Stlth    ..........             (no amulet)
HPRegen  0.23/turn              (no ring)
MPRegen  0.15/turn              (no ring)

@: very slow
A: distributed training, fangs 1, strong nose
a: Bend Time, Temporal Distortion, Slouch, Step From Time, Renounce Religion


You were on level 7 of the Dungeon.
You worshipped Cheibriados.
Cheibriados was extremely pleased with you.
You were not hungry.

You visited 1 branch of the dungeon, and saw 8 of its levels.
You also visited: Ossuary.

You collected 238 gold pieces.
You spent 65 gold pieces at shops.

Inventory:

Hand Weapons
 a - the +3 sling "Punk" {acid, rCorr}
   (You acquired it on level 7 of the Dungeon)

   It provides partial protection from all sources of acid and corrosion.
 b - a +1 falchion (weapon)
Missiles
 c - 21 sling bullets
 v - 7 silver javelins (quivered)
Armour
 e - a +1 robe of fire resistance
 i - a +1 pair of gloves (worn)
 k - a +0 cloak (worn)
 p - a +0 shield (worn)
 s - a +0 plate armour (worn)
Wands
 l - a wand of polymorph (8)
 y - a wand of paralysis (5)
 C - a wand of iceblast (14)
Scrolls
 d - a scroll of fear
 h - a scroll of enchant weapon
 m - a scroll of blinking
 o - a scroll of magic mapping
 q - a scroll of remove curse
 r - 6 scrolls of teleportation
Potions
 g - 2 potions of flight
 j - 8 potions of brilliance
 n - 4 potions of magic
 u - 2 potions of mutation
 w - a potion of lignification
 z - a potion of cancellation
 A - 3 potions of might
Comestibles
 f - 8 rations


   Skills:
 + Level 9.7 Fighting
 + Level 4.6 Short Blades
 + Level 4.6 Long Blades
 + Level 4.6 Axes
 + Level 4.6 Maces & Flails
 + Level 4.6 Polearms
 + Level 4.6 Staves
 + Level 4.6 Slings
 + Level 5.3 Bows
 + Level 4.6 Crossbows
 + Level 4.6 Throwing
 + Level 4.6 Armour
 + Level 4.6 Dodging
 + Level 4.6 Stealth
 + Level 6.6 Shields
 + Level 4.6 Unarmed Combat
 + Level 5.5 Spellcasting
 + Level 3.8 Conjurations
 + Level 3.8 Hexes
 + Level 3.8 Charms
 + Level 3.8 Summonings
 + Level 3.8 Necromancy
 + Level 3.8 Translocations
 + Level 3.8 Transmutations
 + Level 5.4 Fire Magic
 + Level 3.8 Ice Magic
 + Level 3.8 Air Magic
 + Level 3.8 Earth Magic
 + Level 3.8 Poison Magic
 + Level 5.1 Invocations
 + Level 4.6 Evocations


You had 19 spell levels left.
You didn't know any spells.
Your spell library contained the following spells:

 Spells                   Type           Power        Failure   Level  Hunger
 Confusing Touch          Hex            ####..       47%         1    None
 Confuse                  Hex            ####....     85%         3    None
 Gell's Gravitas          Tloc           ####......   85%         3    None
 Petrify                  Tmut/Erth      ####....     99%         4    ###....
 Bolt of Magma            Conj/Fire/Erth ####......   100%        5    #####..
 Iskenderun's Battlesphe  Conj/Chrm      ####....     100%        5    #####..
 Metabolic Englaciation   Hex/Ice        ####......   100%        5    #####..
 Venom Bolt               Conj/Pois      ####......   100%        5    #####..
 Yara's Violent Unravell  Hex/Tmut       ####......   100%        5    #####..
 Iron Shot                Conj/Erth      ####......   100%        6    ######.
 Orb of Destruction       Conj           ####......   100%        7    #######
 Spellforged Servitor     Conj/Summ      ####......   100%        7    #######


Dungeon Overview and Level Annotations

Branches:
Dungeon (8/15)             Temple (0/1) D:7         Ossuary (visited)
   Lair: D:8-11

Altars:
Cheibriados
Fedhas
Okawaru
Qazlal
Wu Jian
Xom
Yredelemnul
The Shining One

Shops:
D:4 !


Innate Abilities, Weirdness & Mutations

Your experience applies equally to all skills.
You have very sharp teeth.
Your uncanny sense of smell can sniff out nearby items.


Message History

Unknown command.
Unknown command.
The +3 sling "Punk" {acid, rCorr} stops oozing corrosive slime.
b - a +1 falchion (weapon)
The two-headed ogre hits you with a +0 giant spiked club!
The two-headed ogre hits you with a +0 giant club!
You slash the two-headed ogre!
The two-headed ogre is heavily wounded.
The two-headed ogre hits you with a +0 giant spiked club!
The two-headed ogre hits you with a +0 giant club.
* * * LOW HITPOINT WARNING * * *
You slash the two-headed ogre! Your bite misses the two-headed ogre.
The two-headed ogre is severely wounded.
You block the two-headed ogre's attack.
The two-headed ogre hits you with a +0 giant club!
* * * LOW HITPOINT WARNING * * *
You hit the two-headed ogre.
The two-headed ogre is severely wounded.
The two-headed ogre hits you with a +0 giant spiked club!!
You die...

......#.............##.#.........
..............#........#..###.#.#
......#.#....###########..#...#.#
......#...................#.....#
#####.###....###....#####.#.....#
#............##.....# ###.......#
#............#.....## .###..<..#
#..........<.......# ..###...#
.........###....@.## ...###..
.........##..###O.# # ....#.#
.........#...#.#'## ##[###(.##.#
......#'#...##.(.#.. +$:?#O÷.#..#
......#...###.).##..###?##..##.##
......#...#.#'#.#.....###...#....
......#..##...#####.....#..##.##.
...####..#......#.###......#..##.
###.....##..#..##...###...##..##.


You could see a two-headed ogre.

Vanquished Creatures
  Grinder (D:4)
  2 hippogriffs (D:7)
  A wraith (Ossuary)
  An ice beast (D:7)
  3 ogres
  2 centaurs (D:7)
  2 elf zombies (Ossuary)
  A gnoll sergeant (D:6)
  3 bullfrogs
  A wyvern skeleton (D:6)
  2 scorpions (D:7)
  A killer bee (D:7)
  A howler monkey (D:7)
  3 bullfrog zombies
  2 crimson imps
  5 hounds
  2 jellies
  3 orc priests
  Jessica (D:2)
  Natasha (thrice) (D:3)
  Terence (D:3)
  An iguana (D:5)
  3 orc wizards (D:4)
  6 worker ants
  2 killer bee zombies (D:7)
  4 mummies
  A howler monkey zombie (D:7)
  12 gnolls
  13 adders
  2 adder zombies
  2 worms
  3 dart slugs
  6 leopard geckos
  27 orcs
  4 ball pythons
  5 giant cockroaches
  9 goblins
  5 hobgoblins
  7 jackals
  4 quokkas
  11 bats
  3 frilled lizards
  A gnoll zombie (Ossuary)
  A goblin zombie (Ossuary)
  3 hobgoblin zombies
  A jackal zombie (D:6)
  7 kobolds
  4 kobold zombies
  A leopard gecko skeleton (D:6)
  A quokka skeleton (D:4)
  5 rats
  A spectral orc (D:2)
196 creatures vanquished.

Notes
Turn   | Place    | Note
-------+----------+-------------------------------------------
     0 | D:1      | Engwar the Gnoll Wanderer began the quest for the Orb.
     0 | D:1      | Engwar set off with the following items: a +0 hand axe, a
                  | +0 shield, a +0 shortbow, 29 arrows, a +0 robe, a ration
     0 | D:1      | Reached XP level 1. HP: 26/26 MP: 4/4
    64 | D:1      | Reached XP level 2. HP: 30/33 MP: 5/5
   708 | D:2      | Reached XP level 3. HP: 15/38 MP: 7/7
   828 | D:2      | Reached skill level 1 in Invocations
   972 | D:2      | Reached skill level 1 in Short Blades
   972 | D:2      | Reached skill level 1 in Long Blades
   972 | D:2      | Reached skill level 1 in Axes
   972 | D:2      | Reached skill level 1 in Maces & Flails
   972 | D:2      | Reached skill level 1 in Polearms
   972 | D:2      | Reached skill level 1 in Staves
   972 | D:2      | Reached skill level 1 in Slings
   972 | D:2      | Reached skill level 1 in Crossbows
   972 | D:2      | Reached skill level 1 in Throwing
   972 | D:2      | Reached skill level 1 in Armour
   972 | D:2      | Reached skill level 1 in Dodging
   972 | D:2      | Reached skill level 1 in Stealth
   972 | D:2      | Reached skill level 1 in Unarmed Combat
   972 | D:2      | Reached skill level 1 in Evocations
  1107 | D:2      | Reached XP level 4. HP: 33/45 MP: 8/8
  1160 | D:2      | Found a snail-covered altar of Cheibriados.
  1179 | D:2      | Became a worshipper of Cheibriados the Contemplative
  1559 | D:3      | Noticed Terence
  1587 | D:3      | Killed Terence
  1587 | D:3      | Reached skill level 1 in Conjurations
  1587 | D:3      | Reached skill level 1 in Hexes
  1587 | D:3      | Reached skill level 1 in Charms
  1587 | D:3      | Reached skill level 1 in Summonings
  1587 | D:3      | Reached skill level 1 in Necromancy
  1587 | D:3      | Reached skill level 1 in Translocations
  1587 | D:3      | Reached skill level 1 in Transmutations
  1587 | D:3      | Reached skill level 1 in Ice Magic
  1587 | D:3      | Reached skill level 1 in Air Magic
  1587 | D:3      | Reached skill level 1 in Earth Magic
  1587 | D:3      | Reached skill level 1 in Poison Magic
  1854 | D:2      | Found a basalt altar of Yredelemnul.
  1858 | D:2      | Reached XP level 5. HP: 51/51 MP: 9/9
  1904 | D:2      | Found a shimmering altar of Xom.
  2039 | D:2      | Noticed Jessica
  2082 | D:2      | Killed Jessica
  2082 | D:2      | Reached * piety under Cheibriados
  2415 | D:3      | Noticed Natasha
  2426 | D:3      | Killed Natasha
  2426 | D:3      | Reached XP level 6. HP: 44/57 MP: 10/10
  2436 | D:3      | Noticed Natasha
  2450 | D:3      | Killed Natasha
  2700 | D:3      | Noticed Natasha
  2702 | D:3      | Reached ** piety under Cheibriados
  2710 | D:3      | Killed Natasha
  2720 | D:3      | Found an ornate altar of the Wu Jian Council.
  2977 | D:4      | Reached skill level 5 in Shields
  3005 | D:4      | Found a sand-covered staircase.
  3014 | Ossuary  | Entered an ossuary
  3014 | Ossuary  | Noticed a wraith
  3014 | Ossuary  | Noticed a wraith
  3014 | Ossuary  | Noticed a wraith
  3595 | Ossuary  | Reached XP level 7. HP: 61/63 MP: 12/12
  3758 | Ossuary  | Noticed a wraith
  3780 | Ossuary  | Killed a wraith
  4217 | D:4      | Reached *** piety under Cheibriados
  4217 | D:4      | Reached skill level 9 in Fighting
  4260 | D:4      | Found Beczoira's Distillery.
  4274 | D:4      | Bought a potion of heal wounds for 65 gold pieces
  4531 | D:4      | Reached XP level 8. HP: 45/71 MP: 14/14
  4631 | D:4      | Found an iron altar of Okawaru.
  4974 | D:4      | Noticed Grinder
  4988 | D:4      | Paralysed by Grinder for 4 turns
  4995 | D:4      | Paralysed by Grinder for 6 turns
  5022 | D:4      | Paralysed by Grinder for 2 turns
  5027 | D:4      | Paralysed by Grinder for 4 turns
  5038 | D:4      | Killed Grinder
  5666 | D:5      | Entered Level 5 of the Dungeon
  5885 | D:5      | Reached **** piety under Cheibriados
  6202 | D:5      | You fall into a shaft and drop 3 floors!
  6263 | D:7      | Noticed a hippogriff
  6275 | D:7      | Killed a hippogriff
  6387 | D:7      | Found a staircase to the Ecumenical Temple.
  6477 | D:7      | Reached XP level 9. HP: 59/76 MP: 16/16
  6654 | D:7      | Reached skill level 5 in Fire Magic
  6678 | D:7      | Identified a scroll of acquirement
  6679 | D:7      | Found the +3 sling "Punk" {acid, rCorr}
  6939 | D:6      | Found a glowing golden altar of the Shining One.
  6985 | D:6      | Found a stormy altar of Qazlal.
  7015 | D:6      | Reached skill level 5 in Spellcasting
  7048 | D:6      | Reached ***** piety under Cheibriados
  7490 | D:5      | Found a blossoming altar of Fedhas.
  7876 | D:7      | Reached skill level 5 in Bows
  8330 | D:7      | Reached skill level 5 in Invocations
  8382 | D:7      | Noticed a two-headed ogre
  8848 | D:7      | Mangled by a two-headed ogre

Levels and vault maps discovered:
D:1:      wander_arrival_fairy_ring, layout_loops_ring
D:2:      layout_rooms, yredelemnul_forgotten_temple_becter,
          nicolae_overflow_hidden_temple, kennysheep_slug_shrine, uniq_jessica
D:3:      layout_loops_cross, lemuel_crystal_altar, uniq_terence, uniq_natasha
D:4:      layout_layer_cave, lemuel_doored_altar, nicolae_ossuary_entry_giza,
          serial_shops, shop, small_statue_intersection, dk_noncrumbling_3,
          minmay_fountain_box, uniq_grinder
D:5:      layout_basic, first_ration, fedhas_altar_4
D:6:      layout_loops_ring, grunt_qazlal_sundering, tso_metal_star
D:7:      minmay_slanted_spiral_squares, layout_basic, temple_doors_e
D:8:      layout_basic, kennysheep_mini_moat, overflow_temple_1_default,
          serial_shops, shop, shop

Skill      XL: |  1  2  3  4  5  6  7  8  9 |
---------------+----------------------------+-----
Invocations    | 1 2 3 4 5 |  5.1
Short Blades   | 1 2 3 4 |  4.6
Long Blades    | 1 2 3 4 |  4.6
Axes           | 1 2 3 4 |  4.6
Maces & Flails | 1 2 3 4 |  4.6
Polearms       | 1 2 3 4 |  4.6
Staves         | 1 2 3 4 |  4.6
Slings         | 1 2 3 4 |  4.6
Crossbows      | 1 2 3 4 |  4.6
Throwing       | 1 2 3 4 |  4.6
Armour         | 1 2 3 4 |  4.6
Dodging        | 1 2 3 4 |  4.6
Stealth        | 1 2 3 4 |  4.6
Unarmed Combat | 1 2 3 4 |  4.6
Evocations     | 1 2 3 4 |  4.6
Spellcasting   | 3 4 5 |  5.5
Conjurations   | 1 2 3 |  3.8
Hexes          | 1 2 3 |  3.8
Charms         | 1 2 3 |  3.8
Summonings     | 1 2 3 |  3.8
Necromancy     | 1 2 3 |  3.8
Translocations | 1 2 3 |  3.8
Transmutations | 1 2 3 |  3.8
Ice Magic      | 1 2 3 |  3.8
Air Magic      | 1 2 3 |  3.8
Earth Magic    | 1 2 3 |  3.8
Poison Magic   | 1 2 3 |  3.8
Bows           | 3 4 5 |  5.3
Fire Magic     | 4 5 |  5.4
Shields        | 5 6 |  6.6
Fighting       | 9 |  9.7

Action                   |  1- 3 |  4- 6 |  7- 9 || total
-------------------------+-------+-------+-------++-------
Melee: Hand axe          |    97 |    60 |       ||   157
       Bite              |     4 |    53 |   131 ||   188
       Falchion          |       |   257 |   520 ||   777
 Fire: Fustibalus        |       |       |     9 ||     9
Invok: Temporal Distorti |       |       |     1 ||     1
  Use: Scroll            |     4 |     6 |    12 ||    22
       Potion            |     2 |     4 |     3 ||     9
 Stab: Sleeping          |     3 |       |       ||     3
  Eat: Chunk             |     1 |     6 |     6 ||    13
       Ration            |       |       |     1 ||     1
Armor: Robe              |    28 |    21 |       ||    49
       Plate armour      |       |   183 |   249 ||   432
Dodge: Dodged            |    29 |    77 |   126 ||   232
Block: Shield            |    53 |   182 |   345 ||   580
       Rpst.: Falchion   |       |    10 |    35 ||    45

Table legend:
 A = Non-vault XP
 B = Vault XP
 C = Vault XP percentage of total XP
 D = Non-vault monster count
 E = Vault monster count
 F = Vault count percentage of total count
                 A         B        C        D         E       F
            +---------+---------+-------+---------+---------+-------
      Total |    2871 |    1633 |  36.3 |     163 |      32 |  16.4
            +---------+---------+-------+---------+---------+-------
        D:1 |      28 |       0 |   0.0 |      15 |       0 |   0.0
        D:2 |     140 |      42 |  23.1 |      24 |       3 |  11.1
        D:3 |     154 |      72 |  31.9 |      33 |       2 |   5.7
        D:4 |     511 |     300 |  37.0 |      26 |       4 |  13.3
        D:5 |     295 |       0 |   0.0 |      17 |       0 |   0.0
        D:6 |     448 |       0 |   0.0 |      21 |       0 |   0.0
        D:7 |    1174 |     765 |  39.5 |      25 |      11 |  30.6
        D:8 |     121 |       0 |   0.0 |       2 |       0 |   0.0
    Ossuary |       0 |     454 | 100.0 |       0 |      12 | 100.0
            +---------+---------+-------+---------+---------+-------
